 Dungeon Sprint DCSS version 0.31-a0-879-g1609e0ac53 (webtiles) character file.

Game seed: 10842770328156980305

2320 rocky1 the Carver (level 9, -5/61 HPs)
             Began as a Djinni Gladiator on Oct 15, 2023.
             Was an Initiate of Gozag.
             Slain by a flying skull (9 damage)
             ... in the Dungeon (Sprint II: "The Violet Keep of Menkaure").
             The game lasted 00:03:25 (376 turns).

rocky1 the Carver (Djinni Gladiator)                 Turns: 376, Time: 00:03:26

Health: -5/61      AC:  4    Str: 13      XL:     9   Next: 69%
Gold:   165        EV: 17    Int:  8 (11) God:    Gozag SH:  0 Dex: 18

rFire   + + .        a - +0 long sword
rCold   x . .        (no shield)
rNeg    . . .        b - +0 leather armour
rPois   ∞            c - +0 helmet
rElec   .            (no cloak)
rCorr   .            (no gloves)
SInv    .            (boots unavailable)
Will    .....        (no amulet)
Stlth   ++           (no ring)
HPRegen 0.30/turn    (no ring)
MPRegen 0.00/turn

%: no teleportation, infuse magic (-6 HP)
@: gold aura, flying
A: sickness immunity, fire resistance 2, cold vulnerability 1, float, innate
caster, HP casting, extra vitality 1, frail 1
a: Renounce Religion, Potion Petition, Call Merchant, Bribe Branch


You were in the Dungeon.
You worshipped Gozag.
Gozag was aware of your devotion.
You visited 1 branch You collected 765 gold pieces.
You paid 600 gold pieces to Gozag.

Inventory:

Hand Weapons
 a - a +0 long sword (weapon)
Missiles
 d - a throwing net (quivered)
 e - a javelin
Armour
 b - a +0 leather armour (worn)
 c - a +0 helmet (worn)
Scrolls
 j - a scroll of blinking
Miscellaneous
 h - a tin of tremorstones (2/2)


   Skills:
 + Level 7.1 Fighting
 * Level 14.0 Long Blades
 - Level 3.0 Throwing
 + Level 4.1 Armour
 + Level 9.7 Dodging
 - Level 2.5 Stealth
 - Level 4.0 Spellcasting
 - Level 4.0 Conjurations
 - Level 4.0 Hexes
 - Level 4.0 Summonings
 - Level 4.0 Necromancy
 - Level 4.0 Translocations
 - Level 4.0 Transmutations
 - Level 4.0 Fire Magic
 - Level 4.0 Ice Magic
 - Level 4.0 Air Magic
 - Level 4.0 Earth Magic
 - Level 4.0 Poison Magic
 * Level 5.7 Evocations


You knew the following spells:

 Your Spells              Type           Power      Damage    Failure   Level
a - Slow                  Hex            32%        N/A       7%          1
b - Wereblood             Tmut           8%         N/A       11%         2
c - Call Canine Familiar  Summ           8%         N/A       21%         3
d - Olgreb's Toxic Radia  Pois           8%         N/A       56%         4
Your spell library was empty.

Dungeon Overview and Level Annotations

Branches:
Dungeon (1/1)

Altars:
Cheibriados
Dithmenos
Elyvilon
Fedhas
Gozag
Hepliaklqana
Makhleb
Nemelex Xobeh
Okawaru
Qazlal
Ru
Trog
Uskayaw
Wu Jian
Xom
Yredelemnul
Zin
The Shining One
Jiyva
Lugonu


Innate Abilities, Weirdness & Mutations

You are immune to sickness and miasma.
You are immune to poison.
Your flesh is very heat resistant. (rF++)
You are vulnerable to cold. (rC-)
You float through the air rather than walking.
You learn spells naturally, not from books.
Your magical power is your life essence.
You have superior vitality. (+4 MHP)
You are frail. (-10% HP)


Message History

Unknown command.
You miss the flying skull.
The flying skull is severely damaged.
The flying skull misses you.
You barely miss the flying skull.
The flying skull is severely damaged.
The flying skull hits you.
* * * LOW HITPOINT WARNING * * *
You barely miss the flying skull.
The flying skull is severely damaged.
The flying skull closely misses you.
You miss the flying skull.
The flying skull is severely damaged.
The flying skull hits you but does no damage.
You miss the flying skull.
The flying skull is severely damaged.
The flying skull closely misses you.
You hit the flying skull.
The flying skull is almost destroyed.
The flying skull hits you.
* * * LOW HITPOINT WARNING * * *
You hit the flying skull.
You feel a bit better.
You destroy the flying skull!
You feel your intelligence returning.
Your Fighting skill increases to level 7!
Your Long Blades skill increases to level 14!
Your Armour skill increases to level 4!
Unknown command.
Unknown command.
Unknown command.
You hit the flying skull but do no damage.
The flying skull hits you!
* * * LOW HITPOINT WARNING * * *
The flying skull barely misses you.
You slash the flying skull!
The flying skull is heavily damaged.
Your primal bloodlust has ended.
The flying skull hits you!
You die...
Your body crumbles into a pile of gold.

..°° #..° #...
'''#'++## .z3....#
##'##..# #.z$##.####
.### ##z#....# ...# #
##@####..## #..# #.
#'###.##..# +^.#
#l##.##..##..# #^.#
#+.<.'##.'..### ..###
#.##.##..##....###...#
#l
##'###.##......~~~~~ #
##.).####~§...§.~#'##
#..#..#~~§~~~§..~#._.
#
##...##~§~§§~~§.~#.._


You could see a flying skull.

Vanquished Creatures
  A merfolk siren (D)
  9 flying skulls (D)
  2 neqoxecs (D)
  Menkaure (D)
  4 scorpions (D)
17 creatures vanquished.

Vanquished Creatures (others)
  2 water moccasins (D)
2 creatures vanquished.

Grand Total: 19 creatures vanquished

Notes
Turn   | Place    | Note
-------+----------+-------------------------------------------
     0 | D        | rocky1 the Djinni Gladiator began the quest for the Orb.
     0 | D        | Reached XP level 1. HP: 18/18 MP: 0/0
     1 | D        | Noticed a merfolk siren
    19 | D        | Killed a merfolk siren
    20 | D        | Reached skill level 9 in Long Blades
    20 | D        | Reached XP level 2. HP: 27/27 MP: 0/0
    20 | D        | Reached XP level 3. HP: 32/32 MP: 0/0
    20 | D        | Learned a level 1 spell: Slow
    20 | D        | Reached XP level 4. HP: 38/38 MP: 0/0
    20 | D        | Reached XP level 5. HP: 42/42 MP: 0/0
    20 | D        | Learned a level 2 spell: Wereblood
    20 | D        | Reached XP level 6. HP: 49/49 MP: 0/0
    31 | D        | Noticed Menkaure
    35 | D        | Noticed a water moccasin
    36 | D        | Found a basalt altar of Yredelemnul.
    36 | D        | Found a glowing golden altar of the Shining One.
    36 | D        | Found a glowing silver altar of Zin.
    36 | D        | Found a hide-covered altar of Uskayaw.
    36 | D        | Found a sparkling altar of Nemelex Xobeh.
    37 | D        | Found an iron altar of Okawaru.
    39 | D        | Killed Menkaure
    40 | D        | Found a shimmering altar of Xom.
    40 | D        | Found a bloodstained altar of Trog.
    40 | D        | Found a burning altar of Makhleb.
    40 | D        | Found an opulent altar of Gozag.
    44 | D        | Killed a water moccasin
    45 | D        | Reached XP level 7. HP: 42/53 MP: 0/0
    45 | D        | Learned a level 3 spell: Call Canine Familiar
    45 | D        | Found a corrupted altar of Lugonu.
    45 | D        | Found a blossoming altar of Fedhas.
    45 | D        | Found an ornate altar of the Wu Jian Council.
    46 | D        | Found a sacrificial altar of Ru.
    46 | D        | Found a white marble altar of Elyvilon.
    47 | D        | Found a stormy altar of Qazlal.
    47 | D        | Found a viscous altar of Jiyva.
    47 | D        | Found a shadowy altar of Dithmenos.
    48 | D        | Found a hazy altar of Hepliaklqana.
    48 | D        | Found a snail-covered altar of Cheibriados.
    60 | D        | Became a worshipper of Gozag Ym Sagoz the Greedy
    62 | D        | Noticed an ice statue
   125 | D        | Reached skill level 5 in Fighting
   125 | D        | Reached skill level 1 in Spellcasting
   125 | D        | Reached skill level 1 in Conjurations
   125 | D        | Reached skill level 1 in Hexes
   125 | D        | Reached skill level 1 in Summonings
   125 | D        | Reached skill level 1 in Necromancy
   125 | D        | Reached skill level 1 in Translocations
   125 | D        | Reached skill level 1 in Transmutations
   125 | D        | Reached skill level 1 in Fire Magic
   125 | D        | Reached skill level 1 in Ice Magic
   125 | D        | Reached skill level 1 in Air Magic
   125 | D        | Reached skill level 1 in Earth Magic
   125 | D        | Reached skill level 1 in Poison Magic
   125 | D        | Reached skill level 1 in Evocations
   130 | D        | Reached skill level 10 in Long Blades
   238 | D        | Noticed a flying skull
   255 | D        | Noticed a wyvern
   255 | D        | Noticed a wyvern
   259 | D        | Noticed a neqoxec
   259 | D        | Noticed a neqoxec
   264 | D        | Gained mutation: You are frail. (-10% HP) [a neqoxec]
   269 | D        | Killed a neqoxec
   270 | D        | Reached skill level 11 in Long Blades
   270 | D        | Reached skill level 1 in Armour
   270 | D        | Reached XP level 8. HP: 54/54 MP: 0/0
   297 | D        | Noticed a flying skull
   297 | D        | Noticed a flying skull
   297 | D        | Noticed a flying skull
   297 | D        | Noticed a flying skull
   307 | D        | Killed a flying skull
   311 | D        | Killed a flying skull
   312 | D        | Reached skill level 12 in Long Blades
   315 | D        | Killed a flying skull
   323 | D        | Noticed a flying skull
   323 | D        | Noticed a flying skull
   323 | D        | Noticed a flying skull
   323 | D        | Noticed a flying skull
   325 | D        | Killed a flying skull
   326 | D        | Reached XP level 9. HP: 44/60 MP: 0/0
   326 | D        | Learned a level 4 spell: Olgreb's Toxic Radiance
   338 | D        | Reached skill level 13 in Long Blades
   340 | D        | Reached skill level 5 in Evocations
   375 | D        | Reached skill level 14 in Long Blades
   375 | D        | HP: 3/61 [flying skull (10)]
   376 | D        | Slain by a flying skull

Illustrated notes

Levels and vault maps discovered:
D:        the_violet_keep_of_menkaure [sprint2_stairs_cluster_1,
          sprint2_shoproom, sprint2_temple, sprint2_basic_supplies,
          sprint2_obstacle_5, sprint2_obstacle_2, sprint2_obstacle_1,
          sprint2_obstacle_7, sprint2_obstacle_6, sprint2_timed_cluster_1,
          sprint2_smallroom_cluster_1, sprint2_smallroom_final_cluster_1,
          sprint2_transparent_cluster_1, sprint2_second_timed_cluster_1,
          sprint2_sniper_area_1, sprint2_heavy_combat_area_1,
          sprint2_mutation_trap_area_1, sprint2_forest_area_1,
          sprint2_light_combat_area_1, sprint2_behind_water_1,
          sprint2_near_end_vault_1]

Skill      XL: |  1  2  3  4  5  6  7  8  9 |
---------------+----------------------------+-----
Fighting       | 4 5 6 7 |  7.1
Long Blades    | 9 11 12 14 | 14.0
Throwing       | 3 |  3.0
Dodging        | 8 9 |  9.7
Stealth        | 2 |  2.5
Spellcasting   | 2 3 4 |  4.0
Conjurations   | 2 3 4 |  4.0
Hexes          | 2 3 4 |  4.0
Summonings     | 2 3 4 |  4.0
Necromancy     | 2 3 4 |  4.0
Translocations | 2 3 4 |  4.0
Transmutations | 2 3 4 |  4.0
Fire Magic     | 2 3 4 |  4.0
Ice Magic      | 2 3 4 |  4.0
Air Magic      | 2 3 4 |  4.0
Earth Magic    | 2 3 4 |  4.0
Poison Magic   | 2 3 4 |  4.0
Evocations     | 2 4 5 |  5.7
Armour         | 1 3 4 |  4.1

Action                     |  1- 3 |  4- 6 |  7- 9 || total
---------------------------+-------+-------+-------++-------
  Melee: Long sword        |    13 |     7 |   113 ||   133
  Throw: Throwing net      |     2 |       |       ||     2
   Cast: Wereblood         |       |       |     3 ||     3
 Invoke: Potion Petition   |       |       |     1 ||     1
    Use: Potion            |     1 |       |     3 ||     4
   Stab: Held in net/web   |     2 |       |       ||     2
         Invisible         |       |       |     7 ||     7
         Distracted        |       |       |     1 ||     1
 Armour: Leather armour    |       |     2 |    54 ||    56
  Dodge: Dodged            |       |     1 |    52 ||    53

Table legend: (Time is in decaauts)
 A = Elapsed time spent in this place.
 B = Non-inter-level travel time spent in this place.
 C = Inter-level travel time spent in this place.
 D = Time resting spent in this place.
 E = Time spent auto-exploring this place.
 F = Levels seen in this place.
 G = Mean time per level.
                   A        B        C        D        E       F      G
               +--------+--------+--------+--------+--------+-----+--------+
         Total |    341 |    341 |      0 |     96 |      0 |   1 |  341.0 |
       Dungeon |    341 |    341 |      0 |     96 |      0 |   1 |  341.0 |
               +--------+--------+--------+--------+--------+-----+--------+

Top non-repeatable levels by time:
       D: 341 daAuts
